 Dungeon Crawl Stone Soup version 0.30-b1-2-g02819fbbbe (webtiles) character file.

Game seed: 14662387954789362881

303 sanka the Magician (level 6, 0/46 HPs)
             Began as a Djinni Brigand on May 7, 2023.
             Was an Initiate of Makhleb.
             Slain by Pikel
             ... wielding a +1 whip of freezing
              (5 damage)
             ... on level 4 of the Dungeon.
             The game lasted 00:09:52 (4993 turns).

sanka the Magician (Djinni Brigand)                 Turns: 4993, Time: 00:09:53

Health: 0/46       AC:  3    Str: 10    XL:     6   Next: 65%
Gold:   171        EV: 12    Int: 14    God:    Makhleb [......] SH:  0 Dex: 21

rFire   + + .        p - +0 flail (drain)
rCold   x . .        (no shield)
rNeg    + . .        b - +0 robe
rPois   ∞            (no helmet)
rElec   .            c - +0 cloak
rCorr   .            (no gloves)
SInv    .            (boots unavailable)
Will    .....        (no amulet)
Stlth   +++          j - +6 ring of dexterity
HPRegen 0.27/turn    l - ring of positive energy
MPRegen 0.00/turn

%: infuse magic (-1 HP)
@: mighty, brilliant, flying
A: sickness immunity, fire resistance 2, cold vulnerability 1, float, innate
caster, HP casting, extra vitality 1
a: Renounce Religion


You were on level 4 of the Dungeon.
You worshipped Makhleb.
Makhleb was noncommittal.
You visited 2 branches of the dungeon, and saw 5 of its levels.

You collected 171 gold pieces.

Inventory:

Hand Weapons
 a - a +2 dagger
 p - a +0 flail of draining (weapon)
Missiles
 d - 23 poisoned darts
 e - 3 curare-tipped darts {=f}
 r - 5 atropa-tipped darts
Armour
 b - a +0 robe (worn)
 c - a +0 cloak (worn)
Jewellery
 j - a +6 ring of dexterity (left hand)
 l - a ring of positive energy (right hand)
Wands
 v - a wand of paralysis (8)
Scrolls
 f - 3 scrolls of immolation {!r}
 g - a scroll of silence {unknown}
 i - 3 scrolls of identify {unknown}
 k - a scroll of poison {unknown}
 m - 2 scrolls of teleportation {unknown}
 q - 3 scrolls of blinking {unknown}
 s - 2 scrolls of enchant armour {unknown}
 u - a scroll of fear {unknown}
Potions
 n - a potion of might
 t - a potion of ambrosia {unknown}
 w - a potion of berserk rage {unknown}


   Skills:
 - Level 3.2 Fighting
 - Level 1.7 Short Blades
 - Level 1.5 Throwing
 - Level 1.1 Dodging
 - Level 3.2 Stealth
 + Level 4.1 Spellcasting


You knew the following spells:

 Your Spells              Type           Power      Damage    Failure   Level
a - Sandblast             Erth           42%        2d11      3%          1
b - Searing Ray           Conj           42%        2d6       5%          2
Your spell library was empty.

Dungeon Overview and Level Annotations

Branches:
Dungeon (4/15)             Temple (1/1) D:4

Altars:
Ashenzari
Cheibriados
Dithmenos
Fedhas
Gozag
Makhleb
Ru
Trog
Uskayaw
Wu Jian
The Shining One

Shops:
D:2 [

Annotations:
D:4 Pikel


Innate Abilities, Weirdness & Mutations

You are immune to sickness and miasma.
You are immune to poison.
Your flesh is very heat resistant. (rF++)
You are vulnerable to cold. (rC-)
You float through the air rather than walking.
You learn spells naturally, not from books.
Your magical power is your life essence.
You have superior vitality. (+4 MHP)


Message History

The lemure misses you.
The blast of sand hits the lemure!
The lemure is severely wounded.
The lemure barely misses you. The lemure hits you but does no damage.
The blast of sand hits the lemure but does no damage.
The lemure is severely wounded.
The lemure misses you.
Casting: Sandblast (safe; 3% risk of failure)
Confirm with . or Enter, or press ? or * to list all spells.
Aiming: Sandblast (safe; 3% risk of failure)
Press: ? - help, Shift-Dir - straight line, f/p - lemure
Aim: a lemure (severely wounded, 77% to hit)
The blast of sand misses the lemure.
Pikel shouts!
You hear a shout!
The lemure hits you. x2
The lemure attacks as you move away! The lemure closely misses you.
Pikel hits you with a +1 whip of freezing.
Pikel freezes you. Pikel attacks as you move away! Pikel barely misses you.
It was a potion of might.
You feel very mighty all of a sudden.
Pikel hits you with a +1 whip of freezing.
Pikel freezes you.
* * * LOW HITPOINT WARNING * * *
Unknown command.
It was a potion of brilliance.
You feel clever all of a sudden. Pikel barely misses you.
It was a potion of curing.
You feel better.
Pikel hits you with a +1 whip of freezing!
* * * LOW HITPOINT WARNING * * *
Pikel freezes you.
* * * LOW HITPOINT WARNING * * *
Unknown command.
Unknown command.
As you read the scroll labelled UTIUSI ILUGG, it crumbles to dust.
The creatures around you are filled with an inner flame!
It was a scroll of immolation.
Pikel hits you with a +1 whip of freezing.
You die...

..#.# ##................##..####.
....###....#..........).)........
###.......###..........###..##.##
##.....####.#####.#...##..# #
#.....# #..# #..##...#..#
####....####.## #..###.>...###..
.....##..##..# ##..# ##.........
#..#####.5..#####...# ##.####.#
##.# ##...##5K@##.####...# ##.##
##....5######.##.##.### #...##
#....### ##..####..## #..#.#
#.....## #.#.# ###.#
.#######......## ##### ### ##
#..###...## # ###.#####.# ## ###


You could see Pikel (inner flame) and 2 lemures.

Vanquished Creatures
  2 lemures (D:4)
  2 orc priests
  2 sleepcaps (D:4)
  An orc wizard (D:2)
  4 gnolls
  3 adders
  3 worms
  7 orcs
  7 ball pythons
  5 bats
  9 endoplasms
  10 giant cockroaches
  8 goblins
  6 hobgoblins
  5 jackals
  3 quokkas (D:1)
  2 frilled lizards
  4 kobolds
  6 rats
89 creatures vanquished.

Vanquished Creatures (others)
  A fungus (D:3)
  A plant (D:3)
2 creatures vanquished.

Grand Total: 91 creatures vanquished

Notes
Turn   | Place    | Note
-------+----------+-------------------------------------------
     0 | D:1      | sanka the Djinni Brigand began the quest for the Orb.
     0 | D:1      | Reached XP level 1. HP: 18/18 MP: 0/0
     1 | D:1      | Found a runed translucent door.
   111 | D:1      | Reached XP level 2. HP: 24/24 MP: 0/0
   344 | D:1      | Reached XP level 3. HP: 30/30 MP: 0/0
   344 | D:1      | Learned a level 1 spell: Sandblast
   768 | D:2      | Reached skill level 1 in Spellcasting
  1048 | D:2      | Reached XP level 4. HP: 35/35 MP: 0/0
  1217 | D:1      | Reached skill level 2 in Spellcasting
  1753 | D:2      | Found Wiecheoc's Armour Shop.
  2525 | D:2      | Reached XP level 5. HP: 16/40 MP: 0/0
  2525 | D:2      | Learned a level 2 spell: Searing Ray
  2635 | D:3      | Reached skill level 3 in Spellcasting
  3098 | D:3      | Reached XP level 6. HP: 37/46 MP: 0/0
  3366 | D:3      | Found a faded altar of an unknown god.
  3988 | D:4      | Noticed Pikel
  4492 | D:4      | Found a staircase to the Ecumenical Temple.
  4501 | Temple   | Entered the Ecumenical Temple
  4659 | Temple   | Became a worshipper of Makhleb the Destroyer
  4733 | D:4      | Reached skill level 4 in Spellcasting
  4993 | D:4      | Slain by Pikel

Illustrated notes

Levels and vault maps discovered:
D:1:      dpeg_arrival_caged_fury, layout_basic, ebering_dispersal_statue_hall,
          minmay_pentomino_q2
D:2:      layout_basic, serial_shops, shop
D:3:      layout_basic, shapermc_ecumenical_altar_hornbeckon,
          kennysheep_generic_room_14
D:4:      layout_layer_cave, elyvilon_altar_3, nicolae_qazlal_eye_of_the_storm,
          temple_doors_e, uniq_pikel
Temple:   hellmonk_temple_forest_ring

Skill      XL: |  1  2  3  4  5  6 |
---------------+-------------------+-----
Fighting       | 3 |  3.2
Spellcasting   | 1 2 3 4 |  4.1
Short Blades   | |  1.7
Throwing       | |  1.5
Dodging        | |  1.1
Stealth        | |  3.2

Action                     |  1- 3 |  4- 6 || total
---------------------------+-------+-------++-------
  Melee: Dagger            |    90 |    55 ||   145
         Punch             |     1 |       ||     1
         Flail             |       |     7 ||     7
  Throw: Dart              |     7 |     9 ||    16
   Cast: Sandblast         |       |    76 ||    76
         Searing Ray       |       |    11 ||    11
    Use: Potion            |       |     3 ||     3
         Scroll            |       |     1 ||     1
   Stab: Sleeping          |     6 |     5 ||    11
 Armour: Robe              |    18 |    29 ||    47
  Dodge: Dodged            |    33 |    63 ||    96
